 Dungeon Crawl Stone Soup version 0.29.0-4-gdea44cf6ec (webtiles) character file.

Game seed: 11788607617909126131

9 qw the Chopper (level 2, 0/17 HPs)
             Began as a Tengu Warper on Aug 28, 2022.
             Succumbed to their own poison gas
             ... on level 2 of the Dungeon.
             The game lasted 00:00:02 (595 turns).

qw the Chopper (Tengu Warper)                        Turns: 595, Time: 00:00:02

Health: 0/17       AC:  3    Str: 11    XL:     2   Next: 12%
Magic:  6/6        EV: 11    Int: 13    God:
Gold:   46         SH:  0    Dex: 13    Spells: 5/5 levels left

rFire   . . .      SeeInvis .   Y - +0 hand axe
rCold   . . .      Faith    .   (no shield)
rNeg    . . .      Spirit   .   b - +0 leather armour
rPois   .          Reflect  .   (helmet restricted)
rElec   .          Harm     .   (no cloak)
rCorr   .          Rampage  .   (no gloves)
Will    .....                   (boots unavailable)
Stlth   +.........              (no amulet)
HPRegen 0.05/turn               (no ring)
MPRegen 0.10/turn               (no ring)

@: lethally poisoned (0 -> -5)
A: beak, talons 3
a: no special abilities


You were on level 2 of the Dungeon.
You visited 1 branch of the dungeon, and saw 2 of its levels.

You collected 46 gold pieces.


Innate Abilities, Weirdness & Mutations

You have a beak for a mouth.
You have claws for feet.


   Skills:
 - Level 2.0 Fighting
 + Level 3.1 Axes
 - Level 1.0 Throwing
 - Level 1.1 Armour
 - Level 2.1 Dodging
 - Level 2.0 Spellcasting
 - Level 2.4 Translocations


You had 5 spell levels left.
You didn't know any spells.
Your spell library contained the following spells:

 Spells                   Type           Power      Damage    Failure   Level
 Blink                    Tloc           14%        N/A       19%         2
 Gell's Gravitas          Tloc           7%         N/A       36%         3
 Lesser Beckoning         Tloc           7%         N/A       36%         3
 Teleport Other           Tloc           7%         N/A       36%         3
 Manifold Assault         Tloc           7%         N/A       98%         5

Inventory:

Hand Weapons
 f - a +0 club
 Y - a +0 hand axe (weapon)
Armour
 b - a +0 leather armour (worn)
Scrolls
 h - a scroll of identify
Potions
 d - a potion of heal wounds {unknown}
 e - a potion of berserk rage {unknown}
 i - a potion of curing {unknown}

Dungeon Overview and Level Annotations

Branches:
Dungeon (2/15)

Altars:


Message History

Found 17 gold pieces.
You closely miss the rat. You claw the rat.
You kill the rat!
You see here a rat corpse.
You now have 33 gold pieces (gained 17).
i - a smoky emerald potion
Enter note: You now have 46 gold pieces (gained 13).
Found a stone staircase leading up.
586 ||| READING 2 scrolls labelled SIAZIL NEGU ZETZ.
The air fills with toxic fumes!
As you read the scroll labelled SIAZIL NEGU ZETZ, it crumbles to dust.
It was a scroll of poison.
587 ||| READING 2 scrolls labelled QAIZIU DYNOIN.
As you read the scroll labelled QAIZIU DYNOIN, it crumbles to dust.
It is a scroll of identify.
Really abort (and waste the scroll)?
588 ||| DROPPING scroll of poison.
You drop a scroll of poison.
589 ||| DROPPING scroll of blinking.
You drop a scroll of blinking.
(D) Dungeon
Where to? (* - list waypoints, ? - help)
What level of the Dungeon? (default 1, ? - help) Sorry, I don't know how to get there.
Partly explored, can't reach some items and places.
590 ||| Stepping randomly (stuck).
Really walk into that cloud of poison gas?
You are engulfed in poison gas.
You are poisoned.
You feel very sick.
591 ||| Stepping ~*~*~tactically~*~*~ (cloud).
You feel sick.
Things that are here:
a scroll of blinking; a scroll of poison
There is a lethal amount of poison in your body!
You feel sick.
There is a lethal amount of poison in your body!
You feel sick.
There is a lethal amount of poison in your body!
You feel sick.
There is a lethal amount of poison in your body!
You die...

#..........###.#
##¤0¤¤¤¤¤000##.^###
0¤#¤¤¤00¤0¤¤¤.¤...#
#00¤¤¤0¤0¤0¤#00##.$..
#¤¤¤00¤¤¤¤¤¤¤0## #
#¤00¤00¤¤0000¤#########
#0¤00¤¤0¤¤¤#.........#
#¤000¤¤0¤¤0#########.#
#¤¤¤¤¤@00¤¤¤0¤..
#0¤#¤¤0000####### .
#¤##0¤¤0# #. ###00# #
#¤¤¤. ##¤##. 00 . #..


There were no monsters in sight!

Vanquished Creatures
  An endoplasm (D:1)
  A hobgoblin (D:1)
  2 jackals (D:1)
  A kobold (D:1)
  A ball python (D:1)
  2 rats
8 creatures vanquished.

Notes
Turn   | Place    | Note
-------+----------+-------------------------------------------
     0 | D:1      | qw the Tengu Warper began the quest for the Orb.
     0 | D:1      | Reached XP level 1. HP: 12/12 MP: 4/4
     0 | D:1      | 0 ||| qw: Version: 0.1-a-89-g26bdef1
     0 | D:1      | 0 ||| qw: Game counter: 883
     0 | D:1      | 0 ||| qw: Always use a shield: true
     0 | D:1      | 0 ||| qw: God list: Okawaru
     0 | D:1      | 0 ||| qw: Allow faded altars: false
     0 | D:1      | 0 ||| qw: Do Orc after D:15 true
     0 | D:1      | 0 ||| qw: Do second Lair branch before Depths: true
     0 | D:1      | 0 ||| qw: Lair rune preference: random
     0 | D:1      | 0 ||| qw: Plans: Normal
     0 | D:1      | 0 ||| PLANNING D:1-11
   217 | D:1      | Reached skill level 3 in Axes
   217 | D:1      | Reached XP level 2. HP: 16/17 MP: 6/6
   556 | D:1      | You fall into a shaft and drop 1 floor!
   586 | D:2      | 586 ||| READING 2 scrolls labelled SIAZIL NEGU ZETZ.
   587 | D:2      | 587 ||| READING 2 scrolls labelled QAIZIU DYNOIN.
   588 | D:2      | 588 ||| DROPPING scroll of poison.
   589 | D:2      | 589 ||| DROPPING scroll of blinking.
   590 | D:2      | 590 ||| Stepping randomly (stuck).
   591 | D:2      | 591 ||| Stepping ~*~*~tactically~*~*~ (cloud).
   592 | D:2      | HP: 4/17 [poisoned by you (poison gas)]
   594 | D:2      | HP: 1/17 [poisoned by you (poison gas)]
   595 | D:2      | Succumbed to their own poison gas

Levels and vault maps discovered:
D:1:      matt_arrival_los_fun, layout_basic
D:2:      layout_rooms, hellmonk_ecumenical_altar_defaced_shrine, serial_shops,
          nicolae_square_shop

Skill      XL: |  1 |
---------------+----+-----
Axes           | 3 |  3.1
Fighting       | |  2.0
Throwing       | |  1.0
Armour         | |  1.1
Dodging        | |  2.1
Spellcasting   | |  2.0
Translocations | |  2.4

Action                   || total
-------------------------++-------
Melee: Hand axe          ||    14
       Peck              ||     3
       Kick              ||     3
Throw: Boomerang         ||     7
  Use: Scroll            ||     2
Armor: Leather armour    ||     4
Dodge: Dodged            ||     6

Table legend:
 A = Non-vault XP
 B = Vault XP
 C = Vault XP percentage of total XP
 D = Non-vault monster count
 E = Vault monster count
 F = Vault count percentage of total count
                 A         B        C        D         E       F
            +---------+---------+-------+---------+---------+-------
      Total |      13 |       0 |   0.0 |       8 |       0 |   0.0
            +---------+---------+-------+---------+---------+-------
        D:1 |      12 |       0 |   0.0 |       7 |       0 |   0.0
        D:2 |       1 |       0 |   0.0 |       1 |       0 |   0.0
            +---------+---------+-------+---------+---------+-------
